 Dungeon Crawl Stone Soup version 0.30-a0-702-gdf48620a09 (webtiles) character file.

Game seed: 13830311531167472565

3937 Leeroy the Nimble (level 10, -5/53 HPs)
             Began as a Tengu Warper on Jan 21, 2023.
             Was a Believer of Uskayaw.
             Succumbed to Erica's bolt of poison
             ... on level 8 of the Dungeon.
             The game lasted 00:17:55 (7117 turns).

Leeroy the Nimble (Tengu Warper)                    Turns: 7117, Time: 00:17:56

Health: -5/53      AC: 12    Str: 13    XL:     10   Next: 21%
Magic:  8/14       EV: 19    Int: 13    God:    Uskayaw [**....]
Gold:   387        SH:  0    Dex: 17    Spells: 1/13 levels left

rFire   . . .      SeeInvis +    T - +3 falchion
rCold   + . .      Faith    .    (no shield)
rNeg    . . .      Spirit   .    S - +2 ring mail of the Volcano {Fly rCorr SInv}
rPois   .          Reflect  .    (helmet restricted)
rElec   .          Harm     .    (no cloak)
rCorr   +          Rampage  .    (no gloves)
Will    .....                    (boots unavailable)
Stlth   +                        (no amulet)
HPRegen 0.28/turn                s - +4 ring of protection
MPRegen 0.14/turn                k - ring of protection from cold

@: lethally poisoned (-5 -> -32), attractive, flying quickly and evasively,
quick
A: beak, talons 3, nimble flight
a: Renounce Religion, Stomp, Line Pass


You were on level 8 of the Dungeon.
You worshipped Uskayaw.
Uskayaw was noncommittal.
You visited 2 branches of the dungeon, and saw 9 of its levels.
You also visited: Sewer.

You collected 387 gold pieces.

Inventory:

Hand Weapons
 a - a +0 falchion
 r - a +2 dagger of venom
 D - a +0 shortbow
 O - a +1 glaive of venom
 P - a +0 great sword
 Q - a +3 short sword
 R - a +3 dagger
 T - a +3 falchion (weapon)
Missiles
 d - 7 boomerangs of dispersal
 I - 2 throwing nets
 L - 2 boomerangs
 V - 5 poisoned darts
Armour
 b - a +0 leather armour
 j - a +0 plate armour
 o - a +0 ring mail
 J - a +0 leather armour of cold resistance
 S - the +2 ring mail of the Volcano (worn) {Fly rCorr SInv}
   (You found it on level 7 of the Dungeon)

   SInv:      It lets you see invisible.
   Fly:       It grants you flight.
   rCorr:     It protects you from acid and corrosion.
Jewellery
 k - a ring of protection from cold (right hand)
 s - a +4 ring of protection (left hand)
 G - a ring of poison resistance
Wands
 v - a wand of flame (9)
 C - a wand of charming (13)
 N - a wand of light (7) (quivered)
 U - a wand of roots (11)
Scrolls
 c - 2 scrolls of identify
 i - a scroll of fog
 p - a scroll of immolation
 u - a scroll of vulnerability
 x - 3 scrolls of teleportation
 y - a scroll of brand weapon {unknown}
 A - 3 scrolls of fear {unknown}
 B - a scroll of noise {unknown}
 E - a scroll of poison {unknown}
 M - a scroll of magic mapping
Potions
 e - a potion of cancellation {unknown}
 f - 4 potions of heal wounds {unknown}
 g - 3 potions of brilliance {unknown}
 h - a potion of lignification {unknown}
 l - 2 potions of resistance {unknown}
 m - 3 potions of attraction
 n - 2 potions of flight {unknown}
 q - 2 potions of haste {unknown}
 t - 2 potions of ambrosia {unknown}
 w - 4 potions of curing {unknown}
 z - a potion of magic {unknown}
 F - a potion of degeneration {unknown}
 H - a potion of invisibility {unknown}
 K - 3 potions of might {unknown}


   Skills:
 - Level 2.0 Fighting
 - Level 5.3 Long Blades
 - Level 1.0 Throwing
 + Level 5.8 Armour
 - Level 10.3 Dodging
 - Level 2.0 Spellcasting
 - Level 4.9 Translocations
 - Level 9.1 Air Magic


You had one spell level left.
You knew the following spells:

 Your Spells              Type           Power      Damage    Failure   Level
a - Blink                 Tloc           28%        N/A       10%         2
b - Vhi's Electric Charg  Tloc/Air       38%        N/A       9%          3
c - Mephitic Cloud        Conj/Pois/Air  9%         N/A       41%         3
d - Manifold Assault      Tloc           14%        N/A       54%         4

Your spell library contained the following spells:

 Spells                   Type           Power      Damage    Failure   Level
 Foxfire                  Conj/Fire      4%         2x1d4     45%         1
 Necrotise                Necr           4%         1d4       45%         1
 Lesser Beckoning         Tloc           28%        N/A       10%         2
 Teleport Other           Tloc           14%        N/A       21%         3
 Vampiric Draining        Necr           1%         2d6       83%         3
 Arcjolt                  Conj/Air       6%         1d16      91%         5
 Freezing Cloud           Conj/Ice/Air   4%         6-21      99%         5
 Agony                    Necr           1%         N/A       100%        5
 Yara's Violent Unravell  Hex/Tmut       0%         3d3       100%        5
 Conjure Ball Lightning   Conj/Air       6%         3x3d6     100%        6
 Simulacrum               Ice/Necr       0%         N/A       100%        6
 Enfeeble                 Hex            0%         N/A       100%        7
 Borgnjor's Revivificati  Necr           0%         N/A       100%        8
 Maxwell's Capacitive Co  Air            12%        ∞         100%        8
 Polar Vortex             Ice            0%         N/A       100%        9


Dungeon Overview and Level Annotations

Branches:
Dungeon (8/15)             Temple (1/1) D:6           Sewer (visited)
   Lair: D:8-11

Altars:
Cheibriados
Dithmenos
Elyvilon
Fedhas
Hepliaklqana
Kikubaaqudgha
Okawaru
Qazlal
Ru
Trog
Uskayaw
Vehumet
Wu Jian
Zin
The Shining One

Shops:
D:4 =

Annotations:
D:8 Erica


Innate Abilities, Weirdness & Mutations

You have a beak for a mouth.
You have claws for feet.
Your magical nature lets you fly swiftly and evasively.


Message History

Found a stone staircase leading up.
Erica shouts!
Casting: Vhi's Electric Charge (dangerous; 9% risk of failure)
Confirm with . or Enter, or press ? or * to list all spells.
Okay, then.
Press: ? - help, v - describe, . - travel
Here: Erica, wielding a +3 scimitar of flaming and wearing a +2 robe of resistance The floor.
Casting: Vhi's Electric Charge (dangerous; 9% risk of failure)
Confirm with . or Enter, or press ? or * to list all spells.
Charge where?
Press: ? - help, Dir - move target, f - howler monkey
Aim: a howler monkey (79% to hit)
You charge forward with an electric crackle!
Found a stone staircase leading down.
You slice the howler monkey and electrocute it!!
You kill the howler monkey!
Erica gestures at you while chanting. The bolt of poison hits you!
You are poisoned.
You feel very sick.
Casting: Vhi's Electric Charge (dangerous; 9% risk of failure)
Confirm with . or Enter, or press ? or * to list all spells.
Charge where?
Press: ? - help, Dir - move target, f - Erica
Aim: Erica, wielding a +3 scimitar of flaming and wearing a +2 robe of resistance (79% to hit)
You charge forward with an electric crackle!
You slash Erica and electrocute her! You claw Erica. Your peck misses Erica.
Erica is moderately wounded.
You feel very sick. Erica gestures at you while chanting.
The bolt of poison hits you!!
You are more poisoned.
Ouch! That really hurt!
* * * LOW HITPOINT WARNING * * *
You can now pass through a line of other dancers.
Okay, then.
It was a potion of attraction.
You feel attractive to monsters.
You die...

..# ... ..#. ##.. #
....#####...#...
.......#....#.###.
.>...............<
.............#..#
..#...@†.......[##....##
.....##@........##......
.......°....#..........#
....######.###..........
.. ##....###.........
#....##.#.........
#..#...............
#..###............. #..
####.####..... .....
#.#.......#


You could see Erica.

Vanquished Creatures
  A troll (D:7)
  Grinder (D:5)
  A wyvern (D:7)
  A steam dragon (D:8)
  4 humans (D:7)
  An acid dragon (D:7)
  Pargi (Sewer)
  3 water moccasins (D:7)
  2 ice beasts
  3 sky beasts (D:7)
  An ogre (D:6)
  A centaur (D:7)
  A phantom (D:5)
  A kobold brigand (D:8)
  A gnoll sergeant (D:7)
  2 bullfrogs (D:7)
  2 necrophages (D:7)
  3 scorpions
  4 wights
  A killer bee (D:7)
  2 howler monkeys
  3 jellies
  2 hounds
  An orc priest (D:5)
  An iguana (D:6)
  2 orc wizards (D:4)
  7 gnolls
  9 adders
  2 shadow imps
  3 white imps
  2 ufetubi
  6 worms
  5 dart slugs
  26 orcs
  8 endoplasms
  9 giant cockroaches
  3 goblins
  5 hobgoblins
  6 jackals
  5 kobolds
  7 quokkas
  10 ball pythons
  6 bats
  5 frilled lizards
  3 rats
173 creatures vanquished.

Notes
Turn   | Place    | Note
-------+----------+-------------------------------------------
     0 | D:1      | Leeroy the Tengu Warper began the quest for the Orb.
     0 | D:1      | Reached XP level 1. HP: 12/12 MP: 4/4
   105 | D:1      | Reached XP level 2. HP: 13/17 MP: 6/6
   355 | D:1      | You fall into a shaft and drop 1 floor!
   611 | D:1      | Found a faded altar of an unknown god.
   615 | D:1      | Learned a level 2 spell: Blink
   652 | D:1      | Reached XP level 3. HP: 21/21 MP: 7/7
  1167 | D:2      | Reached XP level 4. HP: 26/26 MP: 8/8
  1219 | D:2      | Reached skill level 5 in Long Blades
  1821 | D:3      | Gained mutation: Your magical nature lets you fly swiftly
                  | and evasively. [Tengu growth]
  1821 | D:3      | Reached XP level 5. HP: 30/30 MP: 9/9
  2053 | D:3      | Found a glowing drain.
  2068 | Sewer    | Entered a sewer
  2107 | Sewer    | Noticed Pargi
  2118 | Sewer    | Learned a level 3 spell: Vhi's Electric Charge
  2339 | Sewer    | Killed Pargi
  2340 | Sewer    | Reached XP level 6. HP: 23/35 MP: 10/10
  2488 | D:3      | Found a hide-covered altar of Uskayaw.
  2503 | D:3      | Became a worshipper of Uskayaw the Reveller
  2733 | D:4      | Reached * piety under Uskayaw
  2744 | D:4      | Reached ** piety under Uskayaw
  2811 | D:4      | Reached skill level 1 in Air Magic
  3041 | D:4      | Found Nets's Jewellery Emporium.
  3301 | D:5      | Entered Level 5 of the Dungeon
  3446 | D:5      | Reached XP level 7. HP: 28/40 MP: 11/11
  3458 | D:5      | Reached *** piety under Uskayaw
  3733 | D:5      | Reached **** piety under Uskayaw
  3735 | D:5      | Reached skill level 3 in Dodging
  3778 | D:4      | Reached ***** piety under Uskayaw
  3993 | D:5      | Noticed Grinder
  4008 | D:5      | Paralysed by Grinder for 4 turns
  4014 | D:5      | Killed Grinder
  4015 | D:5      | Reached skill level 5 in Dodging
  4015 | D:5      | Reached XP level 8. HP: 38/44 MP: 3/12
  4285 | D:6      | Reached skill level 6 in Dodging
  4296 | D:6      | Found a stormy altar of Qazlal.
  4368 | D:6      | Found a staircase to the Ecumenical Temple.
  4789 | Temple   | Entered the Ecumenical Temple
  5038 | D:7      | Reached skill level 5 in Air Magic
  5391 | D:7      | Noticed a wyvern
  5409 | D:7      | Reached XP level 9. HP: 45/48 MP: 9/13
  5790 | D:7      | Identified the +2 ring mail of the Volcano {Fly rCorr SInv}
  5921 | D:7      | Reached skill level 7 in Dodging
  6172 | D:7      | Noticed a troll
  6187 | D:7      | Killed a troll
  6188 | D:7      | Reached skill level 8 in Dodging
  6263 | D:7      | Reached skill level 9 in Dodging
  6357 | D:7      | Reached skill level 10 in Dodging
  6368 | D:7      | Reached XP level 10. HP: 19/53 MP: 14/14
  6518 | D:7      | Got the Compilation of Darkness and Outbursts
  6526 | D:7      | Learned a level 3 spell: Mephitic Cloud
  6531 | D:7      | Learned a level 4 spell: Manifold Assault
  6738 | D:7      | Noticed a tengu warrior
  6864 | D:7      | Reached skill level 5 in Armour
  7113 | D:8      | Noticed Erica
  7116 | D:8      | HP: 1/53 [Erica/bolt of poison (31)]
  7117 | D:8      | Succumbed to Erica's bolt of poison

Illustrated notes

Levels and vault maps discovered:
D:1:      shiori_arrival_maze, layout_basic,
          dreamdust_ecumenical_altar_angels_and_demons, nicolae_wormholes
D:2:      layout_basic, serial_corexii_hall, corexii_hall_statues_u,
          corexii_hall_statues_t, chequers_hall_statues_wall_a,
          corexii_hall_statues_s, nicolae_half_adder
D:3:      layout_basic, eat_drink_and_be_merry_uskayaw,
          cheibrodos_sewer_entry_bend, minmay_checkerbox
D:4:      layout_rooms, serial_shops, nicolae_shop_hallway_plus
D:5:      layout_basic, uniq_grinder
D:6:      layout_cave_pools, nicolae_qazlal_general_emergency,
          minmay_temple_entry_antechambers, serial_park, serial_park_square2,
          serial_park_tiny_1
D:7:      nzn_winding_woodlands_cross [nzn_winding_woodlands_5x15_split_checker,
          nzn_winding_woodlands_5x15_cabin, nzn_winding_woodlands_5x15_sawtooth,
          nzn_winding_woodlands_5x15_jagged,
          nzn_winding_woodlands_15x15_boxy_spiral], layout_cave_pools,
          minmay_ruffians
D:8:      layout_cave_pools, lemuel_doored_altar,
          minmay_overflow_temple_star_hex, kb_rosetta, uniq_erica
Temple:   nicolae_temple_figure_eight

Skill      XL: |  1  2  3  4  5  6  7  8  9 10 |
---------------+-------------------------------+-----
Long Blades    | 3 4 5 |  5.3
Translocations | 4 |  4.9
Air Magic      | 2 4 8 9 |  9.1
Dodging        | 5 6 10 | 10.3
Armour         | 2 3 5 |  5.8
Fighting       | |  2.0
Throwing       | |  1.0
Spellcasting   | |  2.0

Action                   |  1- 3 |  4- 6 |  7- 9 | 10-12 || total
-------------------------+-------+-------+-------+-------++-------
Melee: Falchion          |    79 |    34 |   136 |    51 ||   300
       Peck              |     6 |    30 |    60 |     8 ||   104
       Kick              |    19 |    41 |   118 |    15 ||   193
       Punch             |     2 |     2 |     1 |       ||     5
       Dagger            |       |   153 |   110 |       ||   263
       Great sword       |       |       |    38 |       ||    38
 Cast: Vhi's Electric Ch |       |       |    18 |     5 ||    23
       Blink             |       |       |     1 |       ||     1
Evoke: Wand              |       |       |     1 |       ||     1
  Use: Scroll            |       |     4 |     3 |     1 ||     8
       Potion            |       |       |       |     1 ||     1
 Stab: Paralysed         |       |       |     8 |     1 ||     9
       Invisible         |       |       |     1 |       ||     1
Armor: Leather armour    |     7 |       |    46 |       ||    53
       Plate armour      |    23 |       |       |       ||    23
       Ring mail         |     1 |    72 |    15 |     7 ||    95
Dodge: Dodged            |    28 |   136 |   216 |    43 ||   423

Table legend: (Time is in decaauts)
 A = Elapsed time spent in this place.
 B = Non-inter-level travel time spent in this place.
 C = Inter-level travel time spent in this place.
 D = Time resting spent in this place.
 E = Time spent auto-exploring this place.
 F = Levels seen in this place.
 G = Mean time per level.
                   A        B        C        D        E       F      G
               +--------+--------+--------+--------+--------+-----+--------+
         Total |   6804 |   6577 |    227 |    587 |   4493 |  10 |  680.4 |
       Dungeon |   6308 |   6091 |    217 |    587 |   4150 |   8 |  788.5 |
        Temple |    199 |    190 |      9 |      0 |    186 |   1 |  199.0 |
         Sewer |    296 |    296 |      0 |      0 |    155 |   1 |  296.0 |
               +--------+--------+--------+--------+--------+-----+--------+

Top non-repeatable levels by time:
     D:7: 1582 daAuts
     D:2: 981 daAuts
     D:6: 876 daAuts
     D:1: 838 daAuts
     D:5: 738 daAuts
     D:4: 671 daAuts
     D:3: 536 daAuts
   Sewer: 296 daAuts
  Temple: 199 daAuts
     D:8: 84 daAuts
